 Dungeon Crawl Stone Soup version 0.29-a0-973-gac7da5f7f0 (webtiles) character file.

Game seed: 11106175481600046639

2334 purpskrrrp the Covert (level 9, -5/43 HPs)
             Began as a Vine Stalker Monk on July 31, 2022.
             Was a Believer of Wu Jian.
             Slain by an orc knight
             ... wielding a +0 halberd
              (13 damage)
             ... in a bailey on Aug 1, 2022.
             The game lasted 00:35:24 (6669 turns).

purpskrrrp the Covert (Vine Stalker Monk)           Turns: 6669, Time: 00:35:25

Health: -5/43      AC:  6    Str: 13    XL:     9   Next: 42%
Magic:  0/10       EV: 17    Int: 10    God:    Wu Jian [**....]
Gold:   345        SH:  0    Dex: 22    Spells: 8/8 levels left

rFire   + . .      SeeInvis .   d - +3 dagger (elec)
rCold   + . .      Faith    .   (no shield)
rNeg    . . .      Spirit   +   a - +0 robe
rPois   .          Reflect  .   (no helmet)
rElec   .          Harm     .   A - scarf {rC+ rF+}
rCorr   .          Rampage  .   l - +2 pair of gloves
Will    +....                   o - +0 pair of boots
Stlth   ++++++....              (no amulet)
HPRegen 0.94/turn               h - +4 ring of slaying
MPRegen 0.12/turn               w - +4 ring of evasion

@: studying Short Blades
A: fangs 3, regeneration 1, magic shield, antimagic bite, no potion heal 2
a: Renounce Religion, Wall Jump


You were in a bailey.
You worshipped Wu Jian.
Wu Jian was pleased with you.
You visited 2 branches of the dungeon, and saw 8 of its levels.
You also visited: Sewer and Bailey.

You collected 427 gold pieces.
You spent 82 gold pieces at shops.

Inventory:

Hand Weapons
 d - a +3 dagger of electrocution (weapon)
Missiles
 c - 6 javelins (quivered)
 k - 2 poisoned darts
Armour
 a - a +0 robe (worn)
 b - a +0 cloak of poison resistance
 l - a +2 pair of gloves (worn)
 o - a +0 pair of boots (worn)
 A - a scarf of resistance (worn)
Jewellery
 h - a +4 ring of slaying (left hand)
 w - a +4 ring of evasion (right hand)
Wands
 m - a wand of flame (19)
Scrolls
 i - 10 scrolls of teleportation
 n - a scroll of magic mapping
 t - 2 scrolls of amnesia
 u - a scroll of silence
 v - a scroll of torment
 x - a scroll of butterflies
Potions
 e - 10 potions of heal wounds
 g - 5 potions of might
 j - 2 potions of lignification
 p - 3 potions of degeneration
 q - 3 potions of brilliance
 r - a potion of attraction {unknown}
 z - 4 potions of flight
 B - 2 potions of invisibility {unknown}
 C - 2 potions of curing
 D - a potion of experience {unknown}
 E - a potion of cancellation {unknown}
 F - a potion of magic {unknown}
 G - a potion of mutation {unknown}
 H - a potion of haste {unknown}


   Skills:
 - Level 2.6 Fighting
 + Level 7.1 Short Blades
 - Level 2.4 Dodging
 + Level 13.4 Stealth
 - Level 3.0 Unarmed Combat


You had 8 spell levels left.
You didn't know any spells.
Your spell library contained the following spells:

 Spells                   Type           Power      Damage    Failure   Level
 Freeze                   Ice            0%         1d3       36%         1
 Slow                     Hex            0%         N/A       36%         1
 Static Discharge         Conj/Air       0%         3-3/arc   50%         2
 Confusing Touch          Hex            0%         N/A       75%         3
 Conjure Flame            Conj/Fire      0%         6-21      75%         3
 Frozen Ramparts          Ice            0%         1d2       75%         3
 Ignite Poison            Fire/Tmut/Pois 0%         N/A       75%         3
 Vampiric Draining        Necr           0%         2d6       75%         3
 Hailstorm                Conj/Ice       0%         3d3       98%         4
 Sticky Flame             Conj/Fire      0%         2d3       98%         4
 Iskenderun's Battlesphe  Conj           0%         2d6       100%        5
 Lightning Bolt           Conj/Air       0%         1d11      100%        5
 Dragon Form              Tmut           0%         N/A       100%        7
 Maxwell's Capacitive Co  Air            0%         ∞         100%        8


Dungeon Overview and Level Annotations

Branches:
Dungeon (7/15)             Temple (1/1) D:6           Sewer (visited)
 Bailey (1/1)

Altars:
Ashenzari
Cheibriados
Dithmenos
Elyvilon
Fedhas
Gozag
Kikubaaqudgha
Makhleb
Okawaru
Qazlal
Ru
Sif Muna
Vehumet
Wu Jian
Xom
Yredelemnul
Zin
The Shining One

Shops:
D:2 ?   D:6 (

Annotations:
D:4 1 runed translucent door, Yogidamonk's ghost, amateur MiFi


Innate Abilities, Weirdness & Mutations

You have razor-sharp teeth.
Your natural rate of healing is unusually fast.
When hurt, damage is shared between your health and your magic reserves.
Your bite disrupts and absorbs the magic of your enemies.
Potions cannot restore your health.


Message History

The orc warrior goes into a battle-frenzy!
There is an open gate here.
There is an open gate here.
You see here a +0 trident.
The orc knight roars a battlecry!
The orc warrior goes into a battle-frenzy!
You see here a +0 hand axe.
Things that are here:
a +0 glaive; a +0 ring mail; an orc skeleton An orc warrior comes into view.
It is wielding a +0 halberd.
There is an open gate here.
The orc knight roars a battlecry!
The orc warrior goes into a battle-frenzy!
You lunge at the orc warrior, in a flurry of attacks.
The orc warrior shouts!
You hit the orc warrior.
Lightning courses through the orc warrior!
Your bite misses the orc warrior.
The orc warrior is heavily wounded.
You barely miss the orc warrior.
The orc warrior is heavily wounded.
The orc warrior hits you with a +0 halberd!
You hit the orc warrior. Your bite misses the orc warrior.
The orc warrior is severely wounded.
You closely miss the orc warrior.
You bite the orc warrior, but do no damage.
The orc warrior is severely wounded.
The orc warrior completely misses you.
An orc warrior comes into view. It is wielding a +0 halberd.
The orc warrior shouts!
You hit the orc warrior.
You bite the orc warrior, but do no damage.
The orc warrior is almost dead.
The orc warrior hits you from afar with a +0 halberd!!
Ouch! That really hurt!
* * * LOW HITPOINT WARNING * * *
The orc knight closely misses you. The orc warrior barely misses you.
You see here a +0 trident.
The orc knight hits you from afar with a +0 halberd!
You die...

####### ####### #
##.....#########.....###..
#####.......#.....#.......'...
....#..##.).'.....'..#....'...
....'..8..))'..oo.'..)o)..'...
....#..##..)'..o.)'..#....'...
#####.......#...@.#.......'...
##....)#########.....###..
####### ####### #


You could see an orc knight and 3 orc warriors.

Vanquished Creatures
  Grinder (D:3)
  Sigmund (D:5)
  3 orc warriors (Bailey)
  A black bear (D:6)
  2 ogres (D:6)
  A centaur (D:7)
  3 phantoms (D:5)
  A bullfrog (D:7)
  3 necrophages (D:5)
  2 scorpions
  2 hounds
  2 gnoll boudas
  2 iguanas
  2 orc wizards (D:5)
  14 gnolls
  5 river rats
  7 adders
  A white imp (D:6)
  4 worms
  2 dart slugs
  40 orcs
  11 ball pythons
  8 endoplasms
  5 giant cockroaches
  11 goblins
  6 hobgoblins
  5 jackals
  7 quokkas
  18 bats
  9 frilled lizards
  8 kobolds
  9 rats
196 creatures vanquished.

Vanquished Creatures (collateral kills)
  A gnoll sergeant (D:5)
  2 gnolls (D:5)
3 creatures vanquished.

Grand Total: 199 creatures vanquished

Notes
Turn   | Place    | Note
-------+----------+-------------------------------------------
     0 | D:1      | purpskrrrp the Vine Stalker Monk began the quest for the
                  | Orb.
     0 | D:1      | Reached XP level 1. HP: 11/11 MP: 2/2
     3 | D:1      | Noticed a minotaur skeleton
    13 | D:1      | Noticed a minotaur skeleton
    53 | D:1      | Reached skill level 3 in Stealth
   247 | D:1      | Reached XP level 2. HP: 6/16 MP: 0/3
   558 | D:1      | Reached skill level 4 in Stealth
   587 | D:1      | Reached XP level 3. HP: 18/19 MP: 4/4
   949 | D:1      | Found a faded altar of an unknown god.
   986 | D:1      | Reached skill level 5 in Stealth
  1472 | D:2      | Found Ydidgh's Magic Scroll Emporium.
  1480 | D:2      | Bought a scroll of enchant weapon for 82 gold pieces
  1703 | D:2      | Gained mutation: Your natural rate of healing is unusually
                  | fast. [Vine Stalker growth]
  1703 | D:2      | Reached XP level 4. HP: 23/23 MP: 5/5
  2088 | D:2      | Reached skill level 6 in Stealth
  2396 | D:3      | Noticed Grinder
  2398 | D:3      | Paralysed by Grinder for 4 turns
  2405 | D:3      | Killed Grinder
  2406 | D:3      | Reached skill level 1 in Short Blades
  2406 | D:3      | Reached skill level 7 in Stealth
  2406 | D:3      | Reached XP level 5. HP: 25/27 MP: 6/6
  2406 | D:3      | Reached XP level 6. HP: 30/32 MP: 7/7
  2737 | D:4      | Reached skill level 8 in Stealth
  2848 | D:4      | Found a runed translucent door.
  3086 | D:4      | Got Sif Muna's Essays on Outbursts and Changing
  3210 | D:4      | Noticed Yogidamonk's ghost (amateur MiFi)
  3262 | D:5      | Entered Level 5 of the Dungeon
  3282 | D:5      | Reached XP level 7. HP: 35/35 MP: 6/8
  3302 | D:5      | Found a glowing drain.
  3354 | Sewer    | Entered a sewer
  3801 | Sewer    | Reached skill level 9 in Stealth
  4214 | D:5      | Noticed Sigmund
  4220 | D:5      | Killed Sigmund
  4282 | D:5      | Reached skill level 10 in Stealth
  4317 | D:5      | Gained mutation: You have razor-sharp teeth. [Vine Stalker
                  | growth]
  4317 | D:5      | Reached XP level 8. HP: 24/39 MP: 4/9
  4673 | D:5      | Found the +6 shillelagh "Devastator" {shatter}
  4717 | D:5      | Reached skill level 11 in Stealth
  5147 | D:5      | Identified a scroll of acquirement
  5149 | D:5      | Acquired a manual of Short Blades
  5256 | D:6      | Reached skill level 5 in Short Blades
  5256 | D:6      | Reached skill level 12 in Stealth
  5375 | D:6      | Reached XP level 9. HP: 43/43 MP: 10/10
  5389 | D:6      | Found a staircase to the Ecumenical Temple.
  5431 | Temple   | Entered the Ecumenical Temple
  5619 | Temple   | Became a worshipper of the Wu Jian Council
  5619 | Temple   | Reached * piety under Wu Jian
  5619 | Temple   | Reached ** piety under Wu Jian
  5859 | D:6      | Found Dodghasu's Weapon Shop.
  5917 | D:6      | Found a glowing golden altar of the Shining One.
  5917 | D:6      | Found a white marble altar of Elyvilon.
  5917 | D:6      | Found a stormy altar of Qazlal.
  5922 | D:6      | Found a basalt altar of Yredelemnul.
  5923 | D:6      | Found a broken altar of Ashenzari.
  5925 | D:6      | Found a sacrificial altar of Ru.
  5925 | D:6      | Found an ancient bone altar of Kikubaaqudgha.
  5926 | D:6      | Found a glowing silver altar of Zin.
  5928 | D:6      | Found a snail-covered altar of Cheibriados.
  5932 | D:6      | Found a radiant altar of Vehumet.
  5933 | D:6      | Found a blossoming altar of Fedhas.
  6065 | D:7      | Reached skill level 13 in Stealth
  6127 | D:7      | Found an opulent altar of Gozag.
  6202 | D:7      | Found a flagged portal.
  6210 | Bailey   | Entered a bailey
  6383 | Bailey   | Noticed an orc knight
  6390 | Bailey   | HP: 2/43 [orc/+0 trident (3)]
  6630 | Bailey   | Noticed an orc knight
  6669 | Bailey   | Slain by an orc knight

Illustrated notes

Levels and vault maps discovered:
D:1:      shiori_arrival_whats_in_store_for_you, layout_basic,
          hellmonk_ecumenical_altar_heavens_door, minmay_misc_feat_pillars,
          minmay_lizard_pond
D:2:      layout_basic, serial_shops, shop, kennysheep_generic_room_11
D:3:      layout_rooms, uniq_grinder
D:4:      layout_cave_pools, ebering_ghost_sewer_d
D:5:      layout_gridville, gup_sewer_entry_bubbles, uniq_sigmund
D:6:      layout_rooms, nicolae_overflow_hallway_of_the_gods, temple_statues,
          nrook_mini_vaults, nicolae_take_the_stairs
D:7:      layout_loops_ring, nicolae_overflow_crystal_walls,
          grunt_gozag_statues, nicolae_uskayaw_murder_on_the_dancefloor,
          enter_bailey_3
Temple:   hellmonk_temple_flake
Bailey:   bailey_polearm_5, bailey

Skill      XL: |  1  2  3  4  5  6  7  8  9 |
---------------+----------------------------+-----
Stealth        | 3 4 5 7 8 10 12 13 | 13.4
Short Blades   | 1 2 3 5 7 |  7.1
Fighting       | |  2.6
Dodging        | |  2.4
Unarmed Combat | |  3.0

Action                   |  1- 3 |  4- 6 |  7- 9 || total
-------------------------+-------+-------+-------++-------
Melee: Dagger            |    88 |    78 |   205 ||   371
       Unarmed           |     5 |       |       ||     5
       Bite              |    12 |    15 |    54 ||    81
       Punch             |     4 |     1 |     4 ||     9
Throw: Javelin           |       |       |     4 ||     4
Invok: Lunge             |       |       |    20 ||    20
       Whirlwind         |       |       |     3 ||     3
  Use: Scroll            |     6 |     8 |    17 ||    31
       Potion            |       |       |     6 ||     6
 Stab: Sleeping          |    13 |    17 |    23 ||    53
       Distracted        |       |     1 |       ||     1
Armor: Robe              |    10 |    12 |    34 ||    56
Dodge: Dodged            |    59 |    29 |   135 ||   223

Table legend: (Time is in decaauts)
 A = Elapsed time spent in this place.
 B = Non-inter-level travel time spent in this place.
 C = Inter-level travel time spent in this place.
 D = Time resting spent in this place.
 E = Time spent auto-exploring this place.
 F = Levels seen in this place.
 G = Mean time per level.
                   A        B        C        D        E       F      G
               +--------+--------+--------+--------+--------+-----+--------+
         Total |   6896 |   6674 |    222 |    567 |   3907 |  10 |  689.6 |
       Dungeon |   5246 |   5040 |    206 |    394 |   3370 |   7 |  749.4 |
        Temple |    197 |    181 |     16 |      0 |    136 |   1 |  197.0 |
         Sewer |   1004 |   1004 |      0 |      0 |    396 |   1 | 1004.0 |
        Bailey |    448 |    448 |      0 |    173 |      4 |   1 |  448.0 |
               +--------+--------+--------+--------+--------+-----+--------+

Top non-repeatable levels by time:
     D:5: 1182 daAuts
     D:1: 1172 daAuts
     D:2: 1083 daAuts
   Sewer: 1004 daAuts
     D:6: 652 daAuts
     D:4: 571 daAuts
  Bailey: 448 daAuts
     D:3: 428 daAuts
  Temple: 197 daAuts
     D:7: 155 daAuts
